 Dungeon Crawl Stone Soup version 0.23.2-30-g0e89c35 (webtiles) character file.

Game seed: 4919784721427563816

76 Fang the Skirmisher (level 4, 0/29 HPs)
             Began as a Gargoyle Berserker on June 13, 2019.
             Was a Believer of Trog.
             Slain by a gnoll
             ... wielding a +0 spear
              (3 damage)
             ... on level 2 of the Dungeon.
             The game lasted 00:00:56 (1003 turns).

Fang the Skirmisher (Gargoyle Berserker)            Turns: 1003, Time: 00:00:57

Health: 0/29       AC:  5    Str: 22    XL:     4   Next: 32%
Magic:  4/4        EV: 12    Int:  7    God:    Trog [**....]
Gold:   141        SH:  0    Dex:  9    Spells: 3/3 levels left

rFire    . . .     SeeInvis .   a - +0 hand axe
rCold    . . .     Gourm    .   (no shield)
rNeg     + . .     Faith    .   b - +0 animal skin
rPois    ∞         Spirit   .   (no helmet)
rElec    +         Reflect  .   (no cloak)
rCorr    .         Harm     .   (no gloves)
MR       ++...                  (no boots)
Stlth    +.........             (no amulet)
HPRegen  1.09/turn              (no ring)
MPRegen  0.09/turn              (no ring)

@: berserk cooldown, regenerating, slowed, very slow
A: negative energy resistance 1, electricity resistance, unbreathing,
petrification resistance, rot immunity, AC +3
a: Berserk, Trog's Hand, Renounce Religion


You were on level 2 of the Dungeon.
You worshipped Trog.
Trog was pleased with you.
You were near starving.

You visited 1 branch of the dungeon, and saw 2 of its levels.

You collected 141 gold pieces.

Inventory:

Hand Weapons
 a - a +0 hand axe (weapon)
Armour
 b - a +0 animal skin (worn)
Scrolls
 g - a scroll of amnesia {unknown}
 h - a scroll of identify {unknown}
 i - a scroll of enchant weapon {unknown}
Potions
 e - a potion of cancellation {unknown}
 f - 2 potions of might {unknown}
Comestibles
 c - 4 rations
 d - 11 chunks of flesh


   Skills:
 + Level 3.9 Fighting
 + Level 3.2 Axes
 + Level 3.1 Armour
 + Level 2.3 Dodging


You had 3 spell levels left.
You didn't know any spells.
Your spell library was empty.

Dungeon Overview and Level Annotations

Branches:
Dungeon (2/15)

Altars:


Innate Abilities, Weirdness & Mutations

You are resistant to torment.
Your stone body is resilient. (AC +3)
You are immune to poison.
You resist negative energy. (rN+)
You are resistant to electric shocks. (rElec)
You can survive without breathing.
You are immune to petrification.
You are immune to rotting.


Message History

You are exhausted.
You feel yourself slow down.
You miss the quokka. You hit the gnoll. The gnoll hits you with a +0 club.
The quokka barely misses you. The gnoll misses you.
The gnoll barely misses you.
The quokka bites you but does no damage.
A kobold comes into view. It is wielding a +0 whip.
The quokka bites you.
* * * LOW HITPOINT WARNING * * *
The gnoll hits you from afar with a +0 spear.
* * * LOW HITPOINT WARNING * * *
The gnoll hits you with a +0 club.
* * * LOW HITPOINT WARNING * * *
The quokka barely misses you.
Your skin crawls.
You feel resistant to hostile enchantments.
You feel somewhat more hungry. The gnoll misses you.
The gnoll barely misses you. The quokka closely misses you.
The gnoll hits you from afar with a +0 spear.
You die...

#..........#
#.########.#### ####
#.##..........###
#...##.##.#####......####
#...†#.#####..........
#..).........##)#.###.
#.....######.#.#..# #.
#...##.g..#####.##.#.# #.
#..# #..@.......##.#>###.
#.. ##r..########.#.....
#. ##g## #.#####. # #S#
..# #. .r. #.# #. #K#.
#.# #. .... #. .#. # #.
#.


You could see 2 gnolls, an adder, a quokka, a kobold and a rat.

Vanquished Creatures
  Terence (D:2)
  An adder (D:2)
  2 dart slugs
  2 leopard geckos (D:1)
  A ball python (D:1)
  6 bats
  A giant cockroach (D:1)
  8 goblins
  4 hobgoblins
  5 kobolds (D:1)
  2 frilled lizards (D:1)
  2 rats
35 creatures vanquished.

Notes
Turn   | Place    | Note
-------+----------+-------------------------------------------
     0 | D:1      | Fang the Gargoyle Berserker began the quest for the Orb.
     0 | D:1      | Reached XP level 1. HP: 14/14 MP: 1/1
   260 | D:1      | Reached XP level 2. HP: 17/19 MP: 2/2
   388 | D:1      | Reached XP level 3. HP: 17/23 MP: 3/3
   415 | D:1      | Reached ** piety under Trog
   984 | D:2      | Noticed Terence
   995 | D:2      | Killed Terence
   995 | D:2      | Reached XP level 4. HP: 19/29 MP: 4/4
  1002 | D:2      | HP: 1/29 [gnoll/+0 club (5)]
  1003 | D:2      | Slain by a gnoll

Skill      XL: |  1  2  3 |
---------------+----------+-----
Dodging        | 2 |  2.3
Axes           | 3 |  3.2
Armour         | 3 |  3.1
Fighting       | |  3.9

Action                   |  1- 3 |  4- 6 || total
-------------------------+-------+-------++-------
Melee: Hand axe          |   117 |     1 ||   118
Invok: Berserk           |     1 |       ||     1
       Trog's Hand       |       |     1 ||     1
Armor: Animal skin       |    71 |     2 ||    73
Dodge: Dodged            |    99 |     7 ||   106
